 Dungeon Crawl Stone Soup version 0.30.1-11-g7821555f0a (webtiles) character file.

Game seed: 12615728249152742556

39 ChrisAssaf the Chiller (level 3, 0/25 HPs)
             Began as a Human Ice Elementalist on Dec 13, 2023.
             Succumbed to an adder's poison
             ... on level 2 of the Dungeon.
             The game lasted 00:03:25 (535 turns).

ChrisAssaf the Chiller (Human Ice Elementalist)      Turns: 535, Time: 00:03:25

Health: 0/25       AC:  4    Str:  7    XL:     3   Next: 67%
Magic:  6/6        EV: 12    Int: 16    God:
Gold:   49         SH:  0    Dex: 17    Spells: 0/6 levels left

rFire   . . .        c - +1 dagger (venom)
rCold   . . .        (no shield)
rNeg    . . .        a - +0 robe
rPois   .            (helmet restricted)
rElec   .            (no cloak)
rCorr   .            (no gloves)
SInv    .            (no boots)
Will    .....        (no amulet)
Stlth   ++           (no ring)
HPRegen 0.24/turn    (no ring)
MPRegen 0.10/turn

%: no passive effects
@: lethally poisoned (0 -> -7)
A: horns 1, iridescent scales 1, agile 1, passive freeze
a: no special abilities


You were on level 2 of the Dungeon.
You visited 1 branch of the dungeon, and saw 3 of its levels.

You collected 49 gold pieces.

Inventory:

Hand Weapons
 c - a +1 dagger of venom (weapon)
Armour
 a - a +0 robe (worn)
Scrolls
 e - a scroll of noise {unknown}
Potions
 b - 2 potions of flight


   Skills:
 * Level 0.5 Fighting
 * Level 0.4 Short Blades
 * Level 0.7 Armour
 * Level 2.1 Dodging
 * Level 2.3 Stealth
 * Level 2.3 Spellcasting
 * Level 4.4 Ice Magic


You couldn't memorise any spells.
You knew the following spells:

 Your Spells              Type           Power      Damage    Failure   Level
a - Freeze                Ice            60%        1d7       3%          1
b - Frozen Ramparts       Ice            30%        1d5       10%         3
c - Scorch                Fire           2%         2d5       30%         2

Your spell library contained the following spells:

 Spells                   Type           Power      Damage    Failure   Level
 Ozocubu's Armour         Ice            15%        N/A       10%         3
 Summon Ice Beast         Ice/Summ       8%         N/A       63%         4
 Flame Wave               Conj/Fire      1%         2d4       90%         4
 Summon Cactus Giant      Summ           0%         N/A       100%        6


Dungeon Overview and Level Annotations

Branches:
Dungeon (3/15)

Altars:


Innate Abilities, Weirdness & Mutations

You have a pair of small horns on your head.
You are partially covered in iridescent scales. (AC +2)
You are agile. (Dex +4, Str/Int -1)
A frigid envelope surrounds you and freezes all who hurt you.


Message History

This spell is quite dangerous to cast!
Memorise Scorch, consuming 2 spell levels and leaving 0?
You start memorising the spell.
You continue memorising. x2
You finish memorising.
Spell assigned to 'c'.
There is a stone staircase leading down here.
You climb downwards.
The adder bites you.
You are poisoned.
The adder poisons you! The adder bites you.
The frilled lizard barely misses you.
There is a stone staircase leading up here.
You feel sick. The adder bites you.
You are more poisoned.
The adder poisons you! The frilled lizard bites you. The adder bites you.
You are more poisoned.
The adder poisons you!
You climb upwards.
You feel very sick.
There is a stone staircase leading down here.
You feel sick.
It was a potion of mutation.
You feel extremely strange.
Iridescent scales grow over part of your body.
You feel strong-willed.
Your body twists and deforms.
Iridescent scales spread over more of your body.
You feel sick. The adder bites you.
* * * LOW HITPOINT WARNING * * *
You are lethally poisoned!
The adder poisons you! The frilled lizard barely misses you.
* * * LOW HITPOINT WARNING * * *
You feel very sick. The adder bites you but does no damage.
Really quaff the potion of mutation?
You feel extremely strange.
Your body's shape seems more normal.
You no longer feel strong-willed.
Your iridescent scales recede somewhat.
You feel agile.
Your skin feels very cold.
A pair of horns grows on your head!
* * * LOW HITPOINT WARNING * * *
You feel sick. The adder bites you but does no damage.
The adder is very cold.
The adder is heavily wounded.
The adder attacks as you move away! The adder barely misses you.
You die...

................##.## ....
)#.##.#####.........##....
.#.##.# #.....##........ .#.##.#
#..(......#.#.#. .#.##.#
#..#.###........
.#.##.#####.........#.#.#.#.
.............#####>.......... ###
##.##.......######S.#.#.#.#.# #..
##.##.########..@.l......... #.#
#...#.## #.###..#.#.#.# #.#
.......# # #..<..... #.# #...#..#
#.###.##รท#.#. ###.#
##.##..#######..........# ##^#...
....#...........##.#....###.##..#
##.................#.....#.###...
##.#.########.#####.......)<....
#.#.# #.# #......####...


You could see an adder and a frilled lizard.

Vanquished Creatures
  3 adders (D:2)
  2 bats
  An endoplasm (D:1)
  A hobgoblin (D:1)
  2 kobolds
  A ball python (D:2)
  3 frilled lizards
  2 rats
15 creatures vanquished.

Notes
Turn   | Place    | Note
-------+----------+-------------------------------------------
     0 | D:1      | ChrisAssaf the Human Ice Elementalist began the quest for
                  | the Orb.
     0 | D:1      | Reached XP level 1. HP: 13/13 MP: 3/3
    99 | D:1      | Reached XP level 2. HP: 19/19 MP: 5/5
   266 | D:2      | Reached XP level 3. HP: 24/24 MP: 6/6
   270 | D:2      | Learned a level 3 spell: Frozen Ramparts
   511 | D:2      | Learned a level 2 spell: Scorch
   532 | D:2      | Gained mutation: You are partially covered in iridescent
                  | scales. (AC +2) [potion of mutation]
   532 | D:2      | Gained mutation: You are strong-willed. (Will+) [potion of
                  | mutation]
   532 | D:2      | Gained mutation: Armour fits poorly on your strangely
                  | shaped body. [potion of mutation]
   532 | D:2      | Gained mutation: You are mostly covered in iridescent
                  | scales. (AC +4) [potion of mutation]
   534 | D:2      | Lost mutation: Armour fits poorly on your strangely shaped
                  | body. [potion of mutation]
   534 | D:2      | Lost mutation: You are strong-willed. (Will+) [potion of
                  | mutation]
   534 | D:2      | Lost mutation: You are mostly covered in iridescent scales.
                  | (AC +4) [potion of mutation]
   534 | D:2      | Gained mutation: You are agile. (Dex +4, Str/Int -1)
                  | [potion of mutation]
   534 | D:2      | Gained mutation: A frigid envelope surrounds you and
                  | freezes all who hurt you. [potion of mutation]
   534 | D:2      | Gained mutation: You have a pair of small horns on your
                  | head. [potion of mutation]
   535 | D:2      | Succumbed to an adder's poison

Illustrated notes

Levels and vault maps discovered:
D:1:      erik_arrival_blinker_ship, layout_basic
D:2:      layout_loops_ring, dreamdust_ecumenical_altar_hidden_monk_grotto,
          st_stairs_9
D:3:      layout_rooms

Action                     || total
---------------------------++-------
  Melee: Dagger            ||    22
   Cast: Freeze            ||    14
         Frozen Ramparts   ||     1
    Use: Potion            ||     3
         Scroll            ||     3
   Stab: Sleeping          ||     1
 Armour: Robe              ||    12
  Dodge: Dodged            ||    27
